 Dungeon Crawl Stone Soup version 0.31-a0-221-gbddc013574 (webtiles) character file.

Game seed: 17812563000949398671

1952 qw the Skirmisher (level 8, -2/73 HPs)
             Began as a Minotaur Hexslinger on July 4, 2023.
             Was an Initiate of Okawaru.
             Succumbed to a gnoll sergeant's poison
             ... on level 6 of the Dungeon.
             The game lasted 00:02:25 (6141 turns).

qw the Skirmisher (Minotaur Hexslinger)             Turns: 6141, Time: 00:02:25

Health: -2/73      AC:  9    Str: 14    XL:     8   Next: 99%
Magic:  6/8        EV: 30    Int: 10    God:    Okawaru [......]
Gold:   290        SH:  0    Dex: 14    Spells: 8/9 levels left

rFire   . . .        Y - +1 shortbow (freeze)
rCold   + . .        (shield currently unavailable)
rNeg    . . .        m - +2 leather armour {rC+}
rPois   .            (helmet restricted)
rElec   .            (no cloak)
rCorr   .            i - +2 pair of gloves
SInv    .            (no boots)
Will    +....        f - amulet of the acrobat
Stlth   +++          a - ring of willpower
HPRegen 0.32/turn    (no ring)
MPRegen 0.11/turn

%: acrobat
@: lethally poisoned (-2 -> -14), about to teleport, heroic, acrobatic
A: horns 2, retaliatory headbutt
a: Renounce Religion


You were on level 6 of the Dungeon.
You worshipped Okawaru.
Okawaru was noncommittal.
You visited 2 branches of the dungeon, and saw 7 of its levels.

You collected 290 gold pieces.


Innate Abilities, Weirdness & Mutations

You have a pair of horns on your head.
You reflexively headbutt those who attack you in melee.


   Skills:
 - Level 7.1(12.1) Fighting
 + Level 10.1(15.1) Ranged Weapons
 - Level 3.2(8.2) Armour
 - Level 3.2(8.2) Dodging
 - Level 1.0 Spellcasting
 - Level 2.0 Hexes
 - Level 2.1 Invocations


You had 8 spell levels left.
You knew the following spells:

 Your Spells              Type           Power      Damage    Failure   Level
a - Slow                  Hex            16%        N/A       19%         1

Your spell library contained the following spells:

 Spells                   Type           Power      Damage    Failure   Level
 Inner Flame              Hex/Fire       2%         N/A       63%         3
 Portal Projectile        Hex/Tloc       4%         N/A       63%         3
 Cause Fear               Hex            2%         N/A       87%         4

Inventory:

Hand Weapons
 Y - a +1 shortbow of freezing (weapon)
Armour
 i - a +2 pair of gloves (worn)
 m - a +2 leather armour of cold resistance (worn)
Jewellery
 a - a ring of willpower (left hand)
 f - an amulet of the acrobat (around neck)
Scrolls
 b - a scroll of identify
 g - a scroll of enchant armour
 k - 2 scrolls of teleportation
Potions
 c - a potion of cancellation
 d - 2 potions of might
 h - a potion of berserk rage {unknown}
 j - a potion of attraction {unknown}

Dungeon Overview and Level Annotations

Branches:
Dungeon (6/15)             Temple (1/1) D:5

Altars:
Cheibriados
Dithmenos
Elyvilon
Fedhas
Hepliaklqana
Kikubaaqudgha
Nemelex Xobeh
Okawaru
Ru
Sif Muna
Trog
Uskayaw
Vehumet
Wu Jian
Xom
Yredelemnul
Zin
The Shining One

Shops:
D:3 [


Message History

The gnoll sergeant hits you from afar with a +0 trident of venom!
You shoot an arrow. The gnoll sergeant blocks the arrow.
The gnoll sergeant hits you from afar with a +0 trident of venom!
You are poisoned.
You shoot an arrow. The arrow hits the gnoll sergeant.
The arrow freezes the gnoll sergeant.
The gnoll sergeant is severely wounded.
You feel very sick.
The gnoll sergeant hits you from afar with a +0 trident of venom!
You are more poisoned.
6135 ||| INVOKING Heroism.
You gain the combat prowess of a mighty hero.
You can no longer gain great but temporary skills.
You feel very sick.
The gnoll sergeant hits you from afar with a +0 trident of venom.
You are lethally poisoned!
You shoot an arrow. The arrow hits the gnoll sergeant.
The arrow freezes the gnoll sergeant.
You kill the gnoll sergeant!
Okawaru accepts your kill.
You feel very sick.
You shoot an arrow. The arrow hits the gnoll.
The arrow freezes the gnoll.
The gnoll is moderately wounded.
You feel very sick.
The gnoll hits you from afar with a +0 spear.
6138 ||| READING 3 scrolls of teleportation.
As you read the scroll of teleportation, it crumbles to dust.
You feel strangely unstable.
You feel very sick.
The gnoll hits you from afar with a +0 spear.
You shoot an arrow.
The arrow hits the gnoll but does no damage.
The gnoll is moderately wounded.
You feel very sick.
You shoot an arrow. The arrow hits the gnoll!
The arrow freezes the gnoll.
You kill the gnoll!
Okawaru accepts your kill.
You feel very sick.
There is a lethal amount of poison in your body!
You die...

###.#...#####...# ##
#.....### ###.###<
#...#.#########..###
######.#....g.......%
#......#)#########...
#....###. ......
#....# #. #######
#....# g. .... #...@#
.. ##### #....#...
..... #....)... .####
##...#. #... #...#..
#..) ##### .. #.####
... #..... ..# ######
#


There were no monsters in sight!

Vanquished Creatures
  Sigmund (D:2)
  A water moccasin (D:5)
  A black bear (D:6)
  3 ogres
  2 ice beasts
  A centaur (D:5)
  A gnoll sergeant (D:6)
  2 scorpions (D:5)
  2 wights (D:6)
  2 quasits
  2 hounds (D:5)
  4 orc priests
  2 jellies
  Jessica (D:2)
  4 iguanas
  3 orc wizards
  2 gnolls
  7 adders
  8 shadow imps
  7 white imps
  5 ufetubi (D:4)
  2 worms
  4 dart slugs
  13 orcs
  8 ball pythons
  3 endoplasms
  2 giant cockroaches
  8 goblins
  9 hobgoblins
  4 jackals (D:1)
  5 kobolds
  A quokka (D:3)
  6 bats
  3 frilled lizards
  8 rats
137 creatures vanquished.

Notes
Turn   | Place    | Note
-------+----------+-------------------------------------------
     0 | D:1      | qw the Minotaur Hexslinger began the quest for the Orb.
     0 | D:1      | Reached XP level 1. HP: 16/16 MP: 1/1
     0 | D:1      | 0 ||| qw: Version: 0.3-a-40-ge99b1a8
     0 | D:1      | 0 ||| qw: Game counter: 671
     0 | D:1      | 0 ||| qw: Melee chars always use a shield: true
     0 | D:1      | 0 ||| qw: God list: Okawaru
     0 | D:1      | 0 ||| qw: Allow faded altars: false
     0 | D:1      | 0 ||| qw: Do Orc after clearing Dungeon:15 true
     0 | D:1      | 0 ||| qw: Do second Lair branch before Depths: true
     0 | D:1      | 0 ||| qw: Lair rune preference: random
     0 | D:1      | 0 ||| qw: Goals: Normal
     0 | D:1      | 0 ||| PLANNING D:1-11
   282 | D:1      | Reached skill level 3 in Ranged Weapons
   305 | D:1      | Reached XP level 2. HP: 23/23 MP: 2/2
   398 | D:1      | 398 ||| FLEEEEING.
   714 | D:1      | 714 ||| READING scroll labelled AMIXOL HAYLIT.
   715 | D:1      | 715 ||| READING scroll labelled TUBAVU LIYLIOCH.
   719 | D:1      | 719 ||| DROPPING scroll of poison.
   751 | D:1      | 751 ||| UPGRADING to +0 leather armour.
   761 | D:1      | 761 ||| DROPPING +0 robe.
   829 | D:2      | Noticed Jessica
   834 | D:2      | Killed Jessica
   835 | D:2      | Reached skill level 4 in Ranged Weapons
   835 | D:2      | Reached XP level 3. HP: 16/29 MP: 3/3
  1225 | D:2      | Reached XP level 4. HP: 31/36 MP: 4/4
  1324 | D:2      | Noticed Sigmund
  1337 | D:2      | HP: 5/36 [something (11)]
  1339 | D:2      | Killed Sigmund
  1340 | D:2      | Reached skill level 6 in Ranged Weapons
  1340 | D:2      | Reached XP level 5. HP: 7/41 MP: 5/5
  1799 | D:2      | 1799 ||| UPGRADING to +0 ring mail.
  1809 | D:2      | 1809 ||| DROPPING +0 leather armour.
  1810 | D:2      | 1810 ||| READING scroll labelled MAEXUO DOIRGHI.
  1811 | D:2      | 1811 ||| READING scroll labelled FELOTAMEATS.
  1812 | D:2      | 1812 ||| DRINKING 2 fizzy black potions.
  1922 | D:3      | Found Uburor's Antique Armour Boutique.
  1931 | D:3      | 1931 ||| SHOPLISTING pair of gloves (130 gold, have 127).
  1931 | D:3      | 1931 ||| SHOPLISTING runed ring mail (203 gold, have 127).
  1984 | D:3      | Reached skill level 1 in Armour
  2133 | D:3      | Reached XP level 6. HP: 49/49 MP: 6/6
  2193 | D:3      | 2193 ||| SWAPPING to +1 heavy sling.
  2194 | D:3      | 2194 ||| DROPPING +1 sling.
  2469 | D:3      | 2469 ||| UPGRADING to +2 pair of gloves.
  2474 | D:3      | 2474 ||| UPGRADING to ring of willpower.
  2475 | D:3      | 2475 ||| READING scroll labelled IXZAPIUCKOD.
  2576 | D:3      | 2576 ||| READING scroll labelled YSITIAL ZYBROA.
  2577 | D:3      | 2577 ||| READING scroll labelled NOGGEVO DENYCO.
  2578 | D:3      | 2578 ||| READING scroll labelled WIUVY ARALUOP.
  2579 | D:3      | 2579 ||| READING 2 scrolls of identify.
  2579 | D:3      | 2579 ||| IDENTIFYING fuming golden potion
  2609 | D:4      | 2609 ||| STAIRDANCE
  2619 | D:3      | Reached skill level 3 in Fighting
  2698 | D:4      | 2698 ||| STAIRDANCE
  2719 | D:4      | 2719 ||| STAIRDANCE
  2803 | D:4      | 2803 ||| Stepping ~*~*~tactically~*~*~ (outnumbered).
  2806 | D:4      | 2806 ||| Stepping ~*~*~tactically~*~*~ (outnumbered).
  2942 | D:4      | You fall into a shaft and drop 1 floor!
  2942 | D:5      | Entered Level 5 of the Dungeon
  2943 | D:5      | Found a staircase to the Ecumenical Temple.
  2943 | D:5      | Noticed a water moccasin
  2944 | D:5      | 2944 ||| PLANNING TEMPLE
  2949 | D:5      | Killed a water moccasin
  2950 | D:5      | Reached skill level 7 in Ranged Weapons
  2950 | D:5      | Reached XP level 7. HP: 46/59 MP: 7/7
  3060 | D:5      | Reached skill level 8 in Ranged Weapons
  3280 | D:5      | 3280 ||| SWAPPING to +0 shortbow.
  3289 | D:5      | 3289 ||| DROPPING +1 heavy sling.
  3317 | D:5      | 3317 ||| READING scroll labelled VERIGU ZIGUA.
  3318 | D:5      | 3318 ||| READING scroll labelled DETRUN OPLUTOZ.
  3333 | Temple   | Entered the Ecumenical Temple
  3335 | Temple   | 3335 ||| PLANNING OKAWARU WORSHIP
  3488 | Temple   | Became a worshipper of Warmaster Okawaru
  3489 | Temple   | 3489 ||| PLANNING D:1-11
  3725 | D:4      | Reached skill level 3 in Armour
  3736 | D:4      | 3736 ||| FLEEEEING.
  3737 | D:4      | 3737 ||| STAIRDANCE
  3777 | D:3      | 3777 ||| DROPPING amulet of magic regeneration.
  3778 | D:3      | 3778 ||| DROPPING +6 ring of intelligence.
  4072 | D:4      | 4072 ||| Stepping ~*~*~tactically~*~*~ (outnumbered).
  4073 | D:4      | 4073 ||| Stepping ~*~*~tactically~*~*~ (outnumbered).
  4074 | D:4      | 4074 ||| Stepping ~*~*~tactically~*~*~ (outnumbered).
  4076 | D:4      | 4076 ||| Stepping ~*~*~tactically~*~*~ (outnumbered).
  4107 | D:4      | 4107 ||| FLEEEEING.
  4112 | D:4      | 4112 ||| FLEEEEING.
  4113 | D:4      | 4113 ||| FLEEEEING.
  4114 | D:4      | 4114 ||| FLEEEEING.
  4115 | D:4      | 4115 ||| FLEEEEING.
  4118 | D:4      | 4118 ||| FLEEEEING.
  4119 | D:4      | 4119 ||| FLEEEEING.
  4503 | D:5      | Reached XP level 8. HP: 67/68 MP: 8/8
  4528 | D:5      | Reached skill level 9 in Ranged Weapons
  4585 | D:5      | Reached * piety under Okawaru
  5011 | D:5      | Found a sparkling altar of Nemelex Xobeh.
  5105 | D:5      | 5105 ||| UPGRADING to amulet of the acrobat.
  5110 | D:5      | 5110 ||| READING 2 scrolls of identify.
  5110 | D:5      | 5110 ||| IDENTIFYING clear potion
  5150 | D:6      | 5150 ||| INVOKING Heroism.
  5154 | D:6      | 5154 ||| Stepping ~*~*~tactically~*~*~ (outnumbered).
  5172 | D:6      | 5172 ||| Stepping ~*~*~tactically~*~*~ (outnumbered).
  5178 | D:6      | 5178 ||| STAIRDANCE
  5224 | D:6      | 5224 ||| STAIRDANCE
  5227 | D:5      | Reached skill level 6 in Fighting
  5289 | D:6      | Found a white marble altar of Elyvilon.
  5310 | D:6      | Reached skill level 3 in Dodging
  5397 | D:6      | Reached skill level 1 in Invocations
  5420 | D:6      | 5420 ||| INVOKING Heroism.
  5423 | D:6      | HP: 14/63 [wight/+4 hand axe (3)]
  5424 | D:6      | 5424 ||| READING 4 scrolls of teleportation.
  5425 | D:6      | 5425 ||| DRINKING potion of heal wounds.
  5454 | D:6      | 5454 ||| INVOKING Heroism.
  5661 | D:6      | 5661 ||| Stepping ~*~*~tactically~*~*~ (outnumbered).
  5663 | D:6      | 5663 ||| Stepping ~*~*~tactically~*~*~ (outnumbered).
  5671 | D:6      | 5671 ||| INVOKING Heroism.
  5845 | D:6      | Reached skill level 10 in Ranged Weapons
  5866 | D:6      | 5866 ||| FLEEEEING.
  5869 | D:6      | 5869 ||| FLEEEEING.
  5870 | D:6      | 5870 ||| FLEEEEING.
  5871 | D:6      | 5871 ||| FLEEEEING.
  5872 | D:6      | 5872 ||| FLEEEEING.
  5873 | D:6      | 5873 ||| FLEEEEING.
  5877 | D:6      | 5877 ||| FLEEEEING.
  5878 | D:6      | 5878 ||| STAIRDANCE
  6011 | D:5      | 6011 ||| UPGRADING to +2 leather armour of cold resistance.
  6021 | D:5      | 6021 ||| DROPPING +0 ring mail.
  6022 | D:5      | 6022 ||| DRINKING 2 green potions.
  6023 | D:5      | 6023 ||| DROPPING potion of brilliance.
  6029 | D:6      | 6029 ||| STAIRDANCE
  6062 | D:6      | 6062 ||| INVOKING Heroism.
  6130 | D:6      | 6130 ||| Stepping ~*~*~tactically~*~*~ (outnumbered).
  6135 | D:6      | 6135 ||| INVOKING Heroism.
  6137 | D:6      | HP: 17/73 [gnoll/+0 spear[a gnoll sergeant] (3)]
  6138 | D:6      | 6138 ||| READING 3 scrolls of teleportation.
  6138 | D:6      | HP: 7/73 [gnoll/+0 spear[a gnoll sergeant] (5)]
  6140 | D:6      | HP: 1/73 [poisoned by a gnoll sergeant]
  6141 | D:6      | Succumbed to a gnoll sergeant's poison

Levels and vault maps discovered:
D:1:      amcnicky_arrival_feature_with_door, layout_loops_ring
D:2:      layout_loops_corners, uniq_jessica, uniq_sigmund
D:3:      layout_basic, serial_shops, nicolae_shop_overgrown_old_shop,
          dk_vineyard_2
D:4:      layout_basic, serial_demonic, serial_demonic_a, serial_demonic_e,
          serial_demonic_b, serial_demonic_c, serial_demonic_d,
          serial_demonic_g, serial_demonic_f, serial_demonic_f,
          serial_demonic_d, serial_demonic_a
D:5:      layout_loops_cross, nemelex_diamond_rough_becter,
          minmay_temple_entry_sparse_star
D:6:      layout_basic, lemuel_tele_altar, serial_shops, nicolae_square_shop
Temple:   nicolae_temple_elliptical

Skill      XL: |  1  2  3  4  5  6  7  8 |
---------------+-------------------------+-----
Ranged Weapons | 3 4 6 7 8 10 | 10.1
Fighting       | 2 4 5 7 |  7.1
Armour         | 1 3 |  3.2
Dodging        | 3 |  3.2
Invocations    | 2 |  2.1
Spellcasting   | |  1.0
Hexes          | |  2.0

Action                     |  1- 3 |  4- 6 |  7- 9 || total
---------------------------+-------+-------+-------++-------
   Fire: Sling             |   116 |   106 |    23 ||   245
         Shortbow          |       |       |   267 ||   267
 Invoke: Heroism           |       |       |     6 ||     6
    Use: Scroll            |     2 |     7 |     5 ||    14
         Potion            |       |     1 |     2 ||     3
 Armour: Robe              |     8 |       |       ||     8
         Leather armour    |     4 |     1 |     2 ||     7
         Ring mail         |       |    64 |    66 ||   130
  Dodge: Dodged            |    41 |    80 |   100 ||   221

Table legend:
 A = Non-vault XP
 B = Vault XP
 C = Vault XP percentage of total XP
 D = Non-vault monster count
 E = Vault monster count
 F = Vault count percentage of total count
                 A         B        C        D         E       F
            +---------+---------+-------+---------+---------+-------
      Total |    2259 |     530 |  19.0 |     115 |      22 |  16.1
            +---------+---------+-------+---------+---------+-------
        D:1 |      38 |       0 |   0.0 |      21 |       0 |   0.0
        D:2 |      37 |     260 |  87.5 |      18 |       2 |  10.0
        D:3 |      60 |      55 |  47.8 |      18 |       2 |  10.0
        D:4 |     319 |     215 |  40.3 |      20 |      18 |  47.4
        D:5 |     761 |       0 |   0.0 |      15 |       0 |   0.0
        D:6 |    1044 |       0 |   0.0 |      23 |       0 |   0.0
            +---------+---------+-------+---------+---------+-------
